 Dungeon Crawl Stone Soup version 0.22-a0-409-gb855193 (webtiles) character file.

52 mortelune the Conjurer (level 3, -1/19 HPs)
             Began as a Deep Elf Conjurer on May 10, 2018.
             Killed by divine providence
             ... invoked by an orc priest
              (14 damage)
             ... on level 3 of the Dungeon.
             The game lasted 00:05:08 (2797 turns).

mortelune the Conjurer (Deep Elf Conjurer)          Turns: 2797, Time: 00:05:09

Health: -1/19      AC:  2    Str:  5    XL:     3   Next: 60%
Magic:  10/10      EV: 13    Int: 20    God:
Gold:   71         SH:  0    Dex: 15    Spells: 4/10 levels left

rFire    . . .     SeeInvis .   b - +2 dagger (speed)
rCold    . . .     Gourm    .   (no shield)
rNeg     . . .     Faith    .   a - +0 robe
rPois    .         Spirit   .   (no helmet)
rElec    .         Reflect  .   (no cloak)
rCorr    .         Harm     .   (no gloves)
MR       .....                  (no boots)
Stlth    ++........             (no amulet)
HPRegen  0.06/turn              (no ring)
MPRegen  0.12/turn              (no ring)

@: no status effects
A: no striking features
a: no special abilities


You were on level 3 of the Dungeon.
You were near starving.

You visited 1 branch of the dungeon, and saw 3 of its levels.

You collected 71 gold pieces.

Inventory:

Hand Weapons
 b - a +2 dagger of speed (weapon)
 i - a +0 short sword of draining
Armour
 a - a +0 robe (worn)
Scrolls
 e - a scroll of blinking
 g - a scroll of enchant armour {unknown}
 j - a scroll of remove curse
 l - a scroll of enchant weapon {unknown}
Potions
 d - a potion of cancellation
 h - a potion of degeneration
 k - a potion of flight
Comestibles
 c - 5 rations


   Skills:
 + Level 3.3 Dodging
 - Level 2.4 Stealth
 + Level 4.0 Spellcasting
 + Level 4.9 Conjurations


You had 4 spell levels left.
You knew the following spells:

 Your Spells              Type           Power        Failure   Level  Hunger
a - Magic Dart            Conj           ###.         1%          1    None
b - Searing Ray           Conj           ###...       2%          2    #......
c - Dazzling Spray        Conj/Hex       ##....       14%         3    ###....


Dungeon Overview and Level Annotations

Branches:
Dungeon (3/15)

Altars:
Zin


Message History

You kill the giant cockroach!
You climb upwards.
There is a stone staircase leading down here.
You start resting.
Your magical contamination has completely faded away.
You start resting.
Magic restored.
You are near starving!
There is a stone staircase leading down here.
You climb downwards.
The frilled lizard bites you but does no damage.
The orc priest closely misses you. The ooze hits you.
The frilled lizard completely misses you.
The orc priest closely misses you.
There is a stone staircase leading up here.
The ooze hits you.
The orc priest mumbles some strange prayers to Beogh against you.
Beogh smites you!
Ouch! That really hurt!
You die...

#.... ... ...
.o. #o# #)#
###J#######
#..@o......
#.#l######.
#.#.# # #.#.##
. #. ##.#.(#
#.##.##...#.#
#......###..#
#.......###.#
#.###.....##...


You could see 2 orc priests, an ooze, an orc and a frilled lizard.

Vanquished Creatures
  5 dart slugs
  A leopard gecko (D:1)
  3 orcs
  A bat (D:1)
  3 giant cockroaches
  2 goblins (D:1)
  5 hobgoblins
  2 quokkas (D:2)
  2 frilled lizards (D:1)
  9 kobolds (D:1)
  3 rats (D:1)
36 creatures vanquished.

Notes
Turn   | Place    | Note
-------+----------+-------------------------------------------
     0 | D:1      | mortelune the Deep Elf Conjurer began the quest for the Orb.
     0 | D:1      | Reached XP level 1. HP: 10/10 MP: 6/6
   298 | D:1      | Reached XP level 2. HP: 15/15 MP: 6/8
   302 | D:1      | Learned a level 2 spell: Searing Ray
  1134 | D:1      | Reached XP level 3. HP: 19/19 MP: 0/10
  1139 | D:1      | Learned a level 3 spell: Dazzling Spray
  1684 | D:1      | You fall through a shaft!
  1831 | D:2      | Found a glowing silver altar of Zin.
  2797 | D:3      | Killed from afar by an orc priest

Vault maps used:
D:1:      kilobyte_arrival_exit_the_forest
D:2:      lemuel_coloured_pillars_altar, minivault_25
D:3:      minmay_door_path, minivault_5

Skill      XL: |  1  2  3 |
---------------+----------+-----
Dodging        | 3 |  3.3
Spellcasting   | 4 |  4.0
Stealth        | |  2.4
Conjurations   | |  4.9

Action                   || total
-------------------------++-------
 Cast: Magic Dart        ||    70
       Searing Ray       ||     1
       Dazzling Spray    ||     1
  Use: Scroll            ||     5
  Eat: Chunk             ||     4
Armor: Robe              ||     1
Dodge: Dodged            ||     9

Table legend:
 A = Spawn XP
 B = Non-spawn XP
 C = Spawn XP percentage of total XP
 D = Spawn monster count
 E = Non-spawn monster count
 F = Spawn count percentage of total count
 G = Total turns spent on level
                    A         B        C        D         E        F      G
               +---------+---------+-------+---------+---------+-------+---------
         Total |       0 |      75 |   0.0 |       0 |      36 |   0.0 |  2797
               +---------+---------+-------+---------+---------+-------+---------
           D:1 |       0 |      54 |   0.0 |       0 |      28 |   0.0 |  1982
           D:2 |       0 |      13 |   0.0 |       0 |       5 |   0.0 |   793
           D:3 |       0 |       8 |   0.0 |       0 |       3 |   0.0 |    22
               +---------+---------+-------+---------+---------+-------+---------
